 Dungeon Sprint DCSS version 0.17-b1-36-g7b1967c (webtiles) character file.

734 hexophile the Cleaver (level 8, -7/58 HPs)
             Began as a Formicid Fighter on Nov 6, 2015.
             Was an Elder of Makhleb.
             Mangled by a merfolk
             ... wielding the +9 glaive of Dawn {antimagic, Dex+4}
              (14 damage)
             ... in the Dungeon (Sprint V: "Ziggurat Sprint").
             The game lasted 00:01:53 (379 turns).

hexophile the Cleaver (Formicid Fighter)             Turns: 379, Time: 00:01:53

Health: -7/58      AC: 18    Str: 39    XL:     8   Next: 4%
Magic:  12/14      EV:  4    Int:  9    God:    Makhleb [****..]
Gold:   0          SH: 29    Dex: 15    Spells: 0 memorised, 7 levels left

rFire  + . .     SeeInvis +     F - +5 executioner's axe
rCold  + . .     Clarity  .     E - +5 gold dragon armour {rC+ rF+ rPois}
rNeg   + . .     SustAt   .     D - +18 shield of the gong {rElec rN+ MR+ EV-5}
rPois  +         Gourm    .     (helmet unavailable)
rElec  +         Spirit   .     (no cloak)
rCorr  .         Warding  .     (no gloves)
rMut   .         Stasis   +     (no boots)
MR     +....                    (no amulet)
Stlth  ..........               H - +6 ring of strength
                                G - +6 ring of strength

@: mighty, agile, somewhat resistant to hostile enchantments, extremely
unstealthy
A: permanent stasis, dig shafts and tunnels, four strong arms, antennae 3
a: Dig, Minor Destruction, Lesser Servant of Makhleb, Major Destruction,
Renounce Religion


You were in the Dungeon.
You worshipped Makhleb.
Makhleb was greatly pleased with you.
You were not hungry.

You visited 1 branch


Innate Abilities, Weirdness & Mutations

You are under a permanent stasis effect.
You can dig through walls and to a lower floor.
Your four strong arms can wield two-handed weapons with a shield.
You have a pair of large antennae on your head (SInv).

Inventory:

Hand Weapons
 a - a +0 war axe
 F - a +5 executioner's axe (weapon)
Armour
 b - a +0 scale mail
 C - a +0 shield
 D - the +18 shield of the gong (worn) {rElec rN+ MR+ EV-5}
   (You found it in the Dungeon)

   It affects your evasion (-5).
   It insulates you from electricity.
   It protects you from negative energy.
   It affects your resistance to hostile enchantments.
 E - a +5 gold dragon armour (worn) {rC+ rF+ rPois}
Jewellery
 G - a +6 ring of strength (left hand)
 H - a +6 ring of strength (right hand)
Wands
 c - a wand of disintegration (7)
 z - a wand of fire (5)
 A - a wand of cold (5)
 B - a wand of draining (5)
Scrolls
 k - 4 scrolls of blinking
 p - 3 scrolls of recharging
 q - 7 scrolls of fog
 s - a scroll of holy word
 t - 5 scrolls of identify
 u - 5 scrolls of remove curse
 y - 2 scrolls of fear
Potions
 d - 4 potions of might {Str+5 DMG+1d10}
 e - 2 potions of brilliance {Archmagi Int+5 Wiz++}
 f - 10 potions of curing
 g - 10 potions of heal wounds
 h - 6 potions of haste
 i - 7 potions of magic
 j - 3 potions of berserk rage
 l - 2 potions of invisibility
 m - 4 potions of resistance {rF+ rC+ rPois rElec rCorr}
 o - 4 potions of agility {Stlth+ Dex+5 EV+5}
Miscellaneous
 v - a disc of storms
Comestibles
 r - 5 bread rations
 w - 42 fruits
 x - 4 meat rations
 I - 3 royal jellies


You had 7 spell levels left.
You didn't know any spells.


   Skills:
 * Level 3.4 Fighting
 * Level 14.4 Axes
 + Level 3.2 Armour
 + Level 3.6 Shields
 - Level 8.0 Evocations

Dungeon Overview and Level Annotations

Branches:
Dungeon (1/1)

Altars:
Ashenzari
Cheibriados
Dithmenos
Elyvilon
Fedhas
Gozag
Kikubaaqudgha
Makhleb
Nemelex Xobeh
Okawaru
Qazlal
Ru
Sif Muna
Trog
Vehumet
Xom
Yredelemnul
Zin
The Shining One
Beogh
Jiyva
Lugonu

Vault maps used:
D:        sprint_v
You       could see 5 merfolk.


Message History

!MASSIVE DAMAGE!
YOU LOST 14 HP!
You have now: 44/58 HP.
Drink which item? (? for menu, Esc to quit)
You feel agile all of a sudden. The merfolk barely misses you.
You block the merfolk's attack.
GONNNNG!
You block the merfolk's attack.
PTOANNNG!
The merfolk hits you from afar with the +9 glaive of Dawn {antimagic, Dex+4}.
You feel your power leaking away.
You lost 2 HP.
You have now: 42/58 HP.
Unknown command.
You block the merfolk's attack.
BOUMMMMG!
You block the merfolk's attack.
GONNNNG!
You block the merfolk's attack.
PANG!
The merfolk barely misses you.
Unknown command.
You slice the merfolk!!
The merfolk is heavily wounded.
You slice the merfolk!!
The merfolk is moderately wounded.
You closely miss the merfolk. You block the merfolk's attack.
GONNNNG!
You block the merfolk's attack.
GONNNNG!
The merfolk barely misses you.
The merfolk hits you with the +9 glaive of Dawn {antimagic, Dex+4}.
You feel your power leaking away.
The merfolk hits you with a trident! !MASSIVE DAMAGE!
YOU LOST 16 HP!
You have now: 27/58 HP.
You slice the merfolk!!
The merfolk is heavily wounded.
You closely miss the merfolk.
The merfolk is moderately wounded.
You slash the merfolk!
The merfolk is severely wounded.
The merfolk hits you from afar with a trident!
* * * LOW HITPOINT WARNING * * *
The merfolk hits you with a trident!
* * * LOW HITPOINT WARNING * * *
You block the merfolk's attack.
PANG!
You block the merfolk's attack.
GONNNNG!
The merfolk hits you with the +9 glaive of Dawn {antimagic, Dex+4}!
You die...

Action                   |  1- 3 |  4- 6 |  7- 9 || total
-------------------------+-------+-------+-------++-------
Melee: War axe           |    18 |     5 |       ||    23
       Executioner's axe |       |       |    22 ||    22
  Use: Potion            |     2 |       |     2 ||     4

Notes
Turn   | Place    | Note
--------------------------------------------------------------
     0 | D        | hexophile the Formicid Fighter began the quest for the Orb.
     0 | D        | Reached XP level 1. HP: 18/18 MP: 1/1
     0 | D        | Found a roughly hewn altar of Beogh.
     0 | D        | Found a corrupted altar of Lugonu.
     0 | D        | Found a viscous altar of Jiyva.
     0 | D        | Found a white marble altar of Elyvilon.
     0 | D        | Found a sparkling altar of Nemelex Xobeh.
     0 | D        | Found a burning altar of Makhleb.
     0 | D        | Found an iron altar of Okawaru.
     0 | D        | Found a deep blue altar of Sif Muna.
     0 | D        | Found a radiant altar of Vehumet.
     0 | D        | Found a bloodstained altar of Trog.
     0 | D        | Found a shimmering altar of Xom.
    14 | D        | Became a worshipper of Makhleb the Destroyer
    77 | D        | Reached skill level 8 in Evocations
    77 | D        | Reached XP level 2. HP: 24/24 MP: 1/7
    79 | D        | Entered arena 1.
    91 | D        | Reached skill level 3 in Axes
    94 | D        | Reached * piety under Makhleb
    94 | D        | Reached XP level 3. HP: 21/29 MP: 3/8
   105 | D        | Entered arena 2.
   105 | D        | Noticed a jumping spider
   105 | D        | Noticed a scorpion
   105 | D        | Noticed a jumping spider
   110 | D        | Killed a scorpion
   110 | D        | Reached skill level 6 in Axes
   110 | D        | Reached XP level 4. HP: 22/35 MP: 6/10
   115 | D        | Killed a jumping spider
   115 | D        | Reached skill level 10 in Axes
   115 | D        | Reached XP level 5. HP: 8/41 MP: 6/11
   115 | D        | Reached XP level 6. HP: 9/47 MP: 6/12
   117 | D        | Killed a jumping spider
   117 | D        | Reached ** piety under Makhleb
   117 | D        | Reached skill level 12 in Axes
   117 | D        | Reached XP level 7. HP: 21/52 MP: 7/13
   341 | D        | Entered arena 3.
   341 | D        | Noticed a phantom
   341 | D        | Noticed a phantom
   341 | D        | Noticed a phantom
   350 | D        | Killed a phantom
   350 | D        | Reached skill level 13 in Axes
   351 | D        | Killed a phantom
   351 | D        | Reached *** piety under Makhleb
   355 | D        | Killed a phantom
   355 | D        | Reached skill level 14 in Axes
   355 | D        | Reached XP level 8. HP: 58/58 MP: 14/14
   360 | D        | Entered arena 4.
   366 | D        | Reached **** piety under Makhleb
   373 | D        | Entered arena 5.
   373 | D        | Noticed a merfolk
   373 | D        | Noticed a merfolk
   373 | D        | Noticed a merfolk
   373 | D        | Noticed a merfolk
   373 | D        | Noticed a merfolk
   379 | D        | Identified the +9 glaive of Dawn {antimagic, Dex+4}
   379 | D        | Mangled by a merfolk

Table legend:
 A = Turns spent in this place as a percentage of turns spent in the entire game.
 B = Non-inter-level travel turns spent in this place as a percentage of non-inter-level travel turns spent in the entire game.
 C = Inter-level travel turns spent in this place as a percentage of turns spent in this place.
 D = Turns resting spent in this place as a percentage of non-inter-level travel turns spent in this place.
 E = Turns spent auto-exploring this place as a percentage of non-inter-level travel turns spent in this place.
 F = Non-inter-level travel turns spent in this place divided by the number of levels of this place that you've seen.
                   A       B       C       D       E      F
               +-------+-------+-------+-------+-------+----------------------
         Total | 100.0 | 100.0 |   0.0 |   2.7 |   0.0 | 185.0
       Dungeon | 100.0 | 100.0 |   0.0 |   2.7 |   0.0 | 185.0
               +-------+-------+-------+-------+-------+----------------------

Table legend:
 A = Kills in this place as a percentage of kills in entire the game.
 B = Kills by you in this place as a percentage of kills by you in the entire game.
 C = Kills by friends in this place as a percentage of kills by friends in the entire game.
 D = Other kills in this place as a percentage of other kills in the entire game.
 E = Experience gained in this place as a percentage of experience gained in the entire game.
 F = Experience gained in this place divided by the number of levels of this place that you have seen.
                   A       B       C       D       E      F
               +-------+-------+-------+-------+-------+----------------------
         Total | 100.0 | 100.0 |  -nan |  -nan | 100.0 | 1040.0
       Dungeon | 100.0 | 100.0 |  -nan |  -nan | 100.0 | 1040.0
               +-------+-------+-------+-------+-------+----------------------

Vanquished Creatures
  2 jumping spiders (D)
  3 phantoms (D)
  A scorpion (D)
  3 adders (D)
  An adder zombie (D)
  3 ball pythons (D)
13 creatures vanquished.
